Map: Abyssal Reef LE

Players

Dark - Winner!

  • Race: Zerg Zerg
  • Spawn Location: 11:00

Serral

  • Race: Zerg Zerg
  • Spawn Location: 5:00

Event: IEM XI Katowice - World Championship 2017

VOD

Have the link to the VOD?

Description

Time

  • Played on: March 4, 2017, 1:14 p.m.
  • Length: 3:37

All games in this series

Show
View Real Time Build Order
Export as new Build Order

Dark Zerg - Winner!

Build Orders: Pool Only 

Get SALT Encoding   

  12  0:00  Drone  
  13  0:09  Extractor  
  12  0:26  Spawning Pool  
  11  0:28  Drone  
  11  0:33  Drone  
  13  0:39  Drone  
  14  0:51  Overlord  
  14  1:13  Zergling x6  
  14  1:15  Metabolic Boost  
  17  1:23  Zergling x2  
  18  1:33  Baneling Nest  
  18  1:34  Zergling x2  
  18  1:45  Zergling x2  
  19  1:53  Queen  
  21  2:02  Overlord  
  21  2:09  Zergling x2  
  22  2:18  Baneling x2  
  22  2:27  Zergling x2  
  23  2:35  Baneling  
  23  2:42  Zergling x4  
  23  3:01  Baneling x2  
  23  3:02  Zergling x2  
  23  3:03  Drone x3  
  27  3:07  Drone  
  27  3:11  Baneling x2  
  28  3:17  Drone  
Show
View Real Time Build Order
Export as new Build Order

Serral Zerg 

Build Orders: Hatch First 

Get SALT Encoding   

  12  0:00  Drone  
  13  0:09  Drone  
  14  0:17  Overlord  
  14  0:23  Extractor, Drone  
  15  0:37  Drone x2  
  17  0:52  Hatchery  
  17  0:55  Drone  
  17  0:59  Drone  
  18  1:04  Extractor  
  17  1:14  Spawning Pool  
  17  1:17  Drone  
  17  1:20  Drone  
  18  1:27  Drone  
  19  1:37  Overlord  
  19  2:01  Zergling x4, Queen  
  21  2:03  Queen  
  21  2:04  Zergling x2  
  26  2:10  Zergling x2  
  26  2:11  Metabolic Boost  
  26  2:15  Zergling x2  
  28  2:21  Zergling x2  
  29  2:28  Spine Crawler  
  28  2:39  Zergling x2  
  28  2:43  Zergling x4  
  22  2:58  Baneling Nest  
  22  2:59  Drone  
  22  3:06  Drone  
  23  3:13  Drone  
  24  3:20  Drone  

Tags
 
Add a new tag
Caveats
  • Supply blocks, unpowered buildings, or Contaminate may cause inaccurate times.
  • Supply counts are checked every 10 seconds.